 Dungeon Crawl Stone Soup version bcrawl-1.37.2 (webtiles) character file.

Game seed: 2182377802995692539

65341 Mehrunes the Magician (level 3, 0/24 HPs)
             Began as a Mummy Wizard on Nov 9, 2022.
             Slain by a goblin
             ... wielding a +0 club
             ... led by Robin
              (2 damage)
             ... on level 2 of the Dungeon.
             The game lasted 00:04:09 (2631 turns).

Mehrunes the Magician (Mummy Wizard)                Turns: 2631, Time: 00:04:10

Health: 0/24       AC:  3    Str: 10    XL:     3   Next: 16%
Magic:  1/9        EV: 12    Int: 18    God:
Gold:   49         SH:  0    Dex: 10    Spells: 10/11 levels left

rFire    x . .     GDR:     22% a - +0 staff
rCold    + . .     SeeInvis .   (no shield)
rNeg     + + +     Gourm    .   b - +0 robe
rPois    ∞         Faith    .   c - +1 hat
rElec    .         Spirit   .   (no cloak)
rCorr    .         Reflect  .   (no gloves)
MR       .....     Clarity  +   (no boots)
Stlth    ++........             (no amulet)
HPRegen  0.14/turn              (no ring)
MPRegen  0.11/turn              (no ring)

@: no status effects
A: no food or potions, fire vulnerability, clarity, cold resistance 1, negative
energy resistance 3, torment resistance, unbreathing, strong hexes 1
a: no special abilities


You were on level 2 of the Dungeon.
You were not hungry.

You visited 1 branch of the dungeon, and saw 2 of its levels.

You collected 49 gold pieces.

Inventory:

Hand Weapons
 a - a +0 staff (weapon)
Armour
 b - a +0 robe (worn)
 c - a +1 hat (worn)
Scrolls
 i - 4 scrolls of identify


   Skills:
 - Level 1.5 Dodging
 - Level 2.1 Stealth
 + Level 4.8 Spellcasting
 + Level 1.8 Conjurations
   Level 0.7 Summonings
   Level 0.7 Translocations


You had 10 spell levels left.
You knew the following spells:

 Your Spells              Type           Power        Failure   Level  Hunger
a - Magic Dart            Conj           ##..         6%          1    N/A

Your spell library contained the following spells:

 Spells                   Type           Power        Failure   Level  Hunger
 Blink                    Tloc           N/A          16%         2    N/A
 Call Imp                 Summ           #.....       16%         2    N/A
 Conjure Flame            Conj/Fire      #.......     28%         3    N/A
 Mephitic Cloud           Conj/Pois/Air  #.......     32%         3    N/A
 Spider Form              Tmut/Pois      Unusable     N/A         3    N/A

Dungeon Overview and Level Annotations

Branches:
Dungeon (2/12)

Altars:

Annotations:
D:2 Robin


Innate Abilities, Weirdness & Mutations

You do not eat or drink.
Your flesh is vulnerable to fire.
You are immune to poison.
You possess an exceptional clarity of mind.
Your flesh is cold resistant. (rC+)
You are immune to negative energy. (rN+++)
You are immune to unholy pain and torment.
You can survive without breathing.
Your hexes are more powerful.


Message History

Really abort (and waste the scroll)?
Okay, then.
The goblin barely misses you.
You barely miss the worm.
The worm is heavily wounded.
The worm barely misses you. The goblin closely misses you.
You barely miss the worm.
The worm is heavily wounded.
The goblin hits you but does no damage. The worm bites you!
* * * LOW HITPOINT WARNING * * *
You hit the worm.
The worm is heavily wounded.
The goblin barely misses you.
You barely miss the worm.
The worm is heavily wounded.
The worm bites you but does no damage. The goblin misses you.
You hit the worm.
The worm is heavily wounded.
The goblin hits you with a +0 club.
You die...

......#.......# ##†########.#
......#.......# #..)......
......#.......# #...†.....
..............# #.........
.............# #.........
.....[.w.....#######.........
.........g...................
#####.....gg.######..........
#........ggg@w§..........
##.......#######........
#.........w......#####.
#.......########## #.......#
#########


You could see a worm and 3 goblins.

Vanquished Creatures
  An ooze (D:2)
  A worm (D:1)
  2 leopard geckos
  4 goblins
  6 hobgoblins
  A quokka (D:2)
  A bat (D:1)
  4 frilled lizards
  2 kobolds
  4 rats
26 creatures vanquished.

Notes
Turn   | Place    | Note
-------+----------+-------------------------------------------
     0 | D:1      | Mehrunes the Mummy Wizard began the quest for the Orb.
     0 | D:1      | Reached XP level 1. HP: 13/13 MP: 5/5
   389 | D:1      | Reached skill level 1 in Conjurations
   861 | D:1      | Reached XP level 2. HP: 19/19 MP: 1/7
  1628 | D:2      | Noticed Robin
  2471 | D:2      | Reached XP level 3. HP: 24/24 MP: 7/9
  2628 | D:2      | HP: 1/24 [worm (10)]
  2631 | D:2      | Slain by a goblin

Skill      XL: |  1 |
---------------+----+-----
Conjurations   | 1 |  1.8
Dodging        | |  1.5
Stealth        | |  2.1
Spellcasting   | |  4.8
Summonings     | |  0.7
Translocations | |  0.7

Action                   || total
-------------------------++-------
Melee: Staff             ||    47
 Cast: Magic Dart        ||   112
  Use: Scroll            ||     3
Armor: Robe              ||    10
Dodge: Dodged            ||    39
